AoeStats
← Jonninator

Glade

510444362Analyzed
1v1 RM · 18h ago on Oct 1, 2026· 49m 53s· 2 players
Game mode
Random Map
Map size
Tiny (2 player)
Population
200
Speed
Normal
Resources
Standard
Victory
Conquest
Starting age
Dark Age
Ending age
Imperial Age
RankedLock teamsTeams togetherTeam positionsShared explorationLock speedFull tech treeHidden civsTurbo modeCheats
Victory
Defeat
🇦🇷 Tatars · Argentina
1012
+17
🇨🇦 Vietnamese · Canada
1031
-17
Adriaan-M
7:23 Loom
9:43 Feudal Age
12:12 Double-Bit Axe
15:26 Wheelbarrow
16:17 Fletching
18:08 Horse Collar
21:13 Castle Age
20:55 Padded Archer Armor
21:16 Crossbowman
23:19 Bodkin Arrow
33:41 Leather Archer Armor
35:46 Hand Cart
36:07 Heavy Plow
36:33 Ballistics
36:25 Town Watch
36:51 Scale Barding Armor
39:52 Town Patrol
44:15 Imperial Age
42:15 Forging
42:19 Husbandry
41:40 Light Cavalry
43:14 Bow Saw
43:47 Bloodlines
45:17 Iron Casting
48:06 Blast Furnace
47:23 Cavalier
49:43 Chain Barding Armor
Jonninator
4:47 Loom
4:51 Loom
12:07 Feudal Age
16:56 Double-Bit Axe
21:57 Castle Age
27:20 Bloodlines
27:18 Scale Barding Armor
27:39 Husbandry
34:30 Wheelbarrow
44:49 Hand Cart
46:21 Padded Archer Armor
46:16 Fletching
46:29 Padded Archer Armor
46:51 Thumb Ring
46:08 Elite Skirmisher
46:32 Light Cavalry
47:42 Bodkin Arrow
Connection lost

Rejoining the realm…

Still unreachable

The connection could not be restored.

Session expired

The server has moved on; the page needs a fresh start.